Map: Pride of Altaris LE

Players

Pumba - Winner!

  • Race: Protoss Protoss
  • League: Diamond
  • Spawn Location: 5:00

IBoofGlue

  • Race: Protoss Protoss
  • League: Diamond
  • Spawn Location: 11:00

VOD

Have the link to the VOD?

Description

Time

  • Played on: Feb. 15, 2022, 9:04 p.m.
  • Length: 5:15
Show
View Real Time Build Order
Export as new Build Order

Pumba Protoss - Winner!

Build Orders: Oracle Opening 

Get SALT Encoding   

  12  0:00  Probe  
  13  0:12  Probe  
  14  0:18  Pylon  
  14  0:24  Probe  
  15  0:37  Probe (Chrono Boost)  
  15  0:39  Gateway  
  16  0:46  Probe (Chrono Boost)  
  16  0:49  Assimilator  
  17  0:51  Probe (Chrono Boost)  
  17  0:54  Assimilator  
  18  1:03  Probe (Chrono Boost)  
  19  1:14  Probe (Chrono Boost)  
  19  1:15  Gateway  
  20  1:19  Probe (Chrono Boost)  
  21  1:26  Cybernetics Core  
  21  1:29  Probe  
  22  1:33  Pylon  
  22  1:42  Probe  
  23  1:55  Probe  
  24  2:05  Stalker x2  
  28  2:10  Pylon  
  28  2:13  Warp Gate  
  28  2:20  Probe  
  29  2:34  Probe  
  30  2:39  Stargate  
  30  2:48  Nexus  
  30  3:02  Adept x2  
  34  3:08  Probe  
  34  3:10  Pylon  
  35  3:20  Oracle (Chrono Boost)  
  38  3:33  Probe  
  39  3:45  Probe  
  39  3:48  Shield Battery  
  40  4:03  Shield Battery, Stalker x2  
  44  4:11  Void Ray (Chrono Boost)  
  43  4:23  Stalker  
  45  4:29  Stalker  
  45  4:30  Probe (Chrono Boost)  
  45  4:36  Probe (Chrono Boost)  
  44  4:41  Probe (Chrono Boost)  
  44  4:43  Probe (Chrono Boost)  
  46  4:56  Probe  
Show
View Real Time Build Order
Export as new Build Order

IBoofGlue Protoss 

Build Orders:  

Get SALT Encoding   

  12  0:00  Probe  
  13  0:12  Probe  
  14  0:17  Pylon  
  14  0:24  Probe  
  15  0:37  Probe (Chrono Boost), Gateway  
  16  0:44  Assimilator  
  16  0:48  Probe (Chrono Boost)  
  17  0:52  Probe (Chrono Boost)  
  17  0:56  Assimilator  
  18  1:03  Probe  
  19  1:10  Gateway  
  19  1:17  Probe  
  20  1:29  Probe  
  21  1:36  Cybernetics Core  
  21  1:41  Probe (Chrono Boost)  
  21  1:43  Pylon  
  22  1:53  Probe (Chrono Boost)  
  23  2:12  Warp Gate (Chrono Boost), Stalker x2  
  27  2:20  Pylon  
  27  2:24  Pylon  
  27  2:39  Nexus  
  27  2:49  Gateway  
  27  2:53  Stalker (Chrono Boost)  
  29  3:09  Gateway  
  29  3:11  Probe  
  30  3:31  Shield Battery  
  30  3:41  Pylon  
  30  3:53  Stalker x3  
  36  4:04  Stalker  
  36  4:18  Stalker x3  
  31  4:34  Probe  
  28  4:41  Stalker x3  
  28  4:42  Stalker  
Tags
 
Add a new tag
Caveats
  • Supply blocks, unpowered buildings, or Contaminate may cause inaccurate times.
  • Supply counts are checked every 10 seconds.